 Dungeon Crawl Stone Soup version 0.27-a0-1188-g73eefd5def (webtiles) character file.

Game seed: 981419976955853212

17596 robertstho the Cleaver (level 12, -41/168 HPs)
             Began as a Minotaur Berserker on May 20, 2021.
             Was a High Priest of Trog.
             Killed from afar by a frost giant (55 damage)
             ... with a bolt of cold
             ... on level 11 of the Dungeon.
             The game lasted 00:17:44 (13546 turns).

robertstho the Cleaver (Minotaur Berserker)        Turns: 13546, Time: 00:17:45

Health: -41/168    AC: 10    Str: 26    XL:     12   Next: 20%
Magic:  11/11      EV: 14    Int:  5    God:    Trog [*****.]
Gold:   763        SH:  5    Dex: 10    Spells: 11/11 levels left

rFire    + . .     SeeInvis .   e - +0 battleaxe (flame)
rCold    x . .     Faith    .   (shield currently unavailable)
rNeg     . . .     Spirit   .   L - +3 salamander hide armour {Flames rF++ rC--}
rPois    .         Reflect  +   (helmet restricted)
rElec    .         Harm     .   l - +1 cloak {Will+}
rCorr    .         Rampage  .   (no gloves)
Will     ++...                  (no boots)
Stlth    ..........             b - amulet of reflection
HPRegen  0.38/turn              d - ring of willpower
MPRegen  0.12/turn              m - ring of ice

@: berserking, very quick
A: horns 2, retaliatory headbutt
a: Renounce Religion, Berserk, Trog's Hand, Brothers in Arms


You were on level 11 of the Dungeon.
You worshipped Trog.
Trog was extremely pleased with you.
You visited 1 branch of the dungeon, and saw 11 of its levels.

You collected 763 gold pieces.

Inventory:

Hand Weapons
 e - a +0 battleaxe of flaming (weapon)
 w - a +0 battleaxe
 A - a +3 hand axe of freezing
 I - the +3 quarterstaff of Meyc {flame, rPois Will+ Int+3}
   (You found it on level 9 of the Dungeon)

   It has been specially enchanted to burn those struck by it, causing extra
   injury to most foes and up to half again as much damage against particularly
   susceptible opponents.
   It affects your intelligence (+3).
   It protects you from poison.
   It increases your willpower.
 K - the +9 mace "Newtbane" {holy, +Blink rElec rPois Stlth-}
   (You found it on level 10 of the Dungeon)

   It has been blessed by the Shining One to cause great damage to the undead
   and demons.
   It insulates you from electricity.
   It protects you from poison.
   It lets you blink.
   It makes you less stealthy.
Missiles
 k - 2 throwing nets
 y - 3 curare-tipped darts
Armour
 i - a +0 chain mail of fire resistance
 l - a +1 cloak of willpower (worn)
 L - the +3 salamander hide armour (worn) {Flames rF++ rC--}
   (You found it on level 10 of the Dungeon)

   It surrounds you with a cloud of flames.
   It grants immunity to clouds of flame.
   It enhances your fire magic.
   It greatly protects you from fire.
   It makes you very vulnerable to cold.
 M - the +0 chain mail of Depression {rElec}
   (You found it on level 10 of the Dungeon)

   It insulates you from electricity.
Jewellery
 b - an amulet of reflection (around neck)
 d - a ring of willpower (left hand)
 m - a ring of ice (right hand)
 r - an amulet of the acrobat
 O - a ring of flight
Wands
 o - a wand of digging (7)
 x - a wand of acid (14)
 B - a wand of iceblast (7)
Scrolls
 a - a scroll of enchant armour {unknown}
 c - 2 scrolls of enchant weapon {unknown}
 f - 2 scrolls of noise {unknown}
 g - 2 scrolls of fog {unknown}
 j - a scroll of identify
 n - 2 scrolls of teleportation
 t - 3 scrolls of fear
 v - a scroll of summoning
 N - a scroll of immolation
Potions
 h - 2 potions of might
 q - 5 potions of curing
 s - 2 potions of lignification
 u - a potion of mutation
 z - a potion of cancellation
 C - 2 potions of resistance
 G - 3 potions of heal wounds {unknown}
 H - a potion of magic {unknown}


   Skills:
 * Level 12.2 Fighting
 + Level 13.0 Axes
 * Level 12.7 Armour
 * Level 9.1 Dodging
 + Level 4.3 Shields


You had 11 spell levels left.
You didn't know any spells.
Your spell library was empty.

Dungeon Overview and Level Annotations

Branches:
Dungeon (11/15)            Temple (0/1) D:4            Lair (0/6) D:11
    Orc (0/2) D:11

Altars:
Ashenzari
Cheibriados
Elyvilon
Gozag
Makhleb
Nemelex Xobeh
Ru
Sif Muna
Vehumet
Wu Jian
Xom
Yredelemnul
Zin

Shops:
D:9 (

Annotations:
D:9 exclusion: ice statue


Innate Abilities, Weirdness & Mutations

You have a pair of horns on your head.
You reflexively headbutt those who attack you in melee.


Message History

The frost giant hits you with a +1 battleaxe of freezing.
The frost giant freezes you.
The frost giant is engulfed in blazing flames.
The frost giant misses you.
There is an open door here.
You barely miss the frost giant. You headbutt the frost giant!
The frost giant is lightly wounded.
You slice the frost giant!! You burn the frost giant.
The frost giant gestures at you while chanting.
The bolt of cold hits you!!!!
You feel a terrible chill!
You hear a sizzling sound!
Unknown command.
You slice the frost giant!! You burn the frost giant.
You headbutt the frost giant.
The frost giant is almost dead.
You hit the frost giant but do no damage.
The frost giant is engulfed in blazing flames.
You kill the frost giant!
Trog accepts your kill.
Trog appreciates your killing of a magic user.
Your Axes skill increases to level 13!
You slash the frost giant! You burn the frost giant.
The frost giant is moderately wounded.
The frost giant is engulfed in blazing flames.
The frost giant hits you with a +1 battleaxe of freezing!
The frost giant freezes you!
You hit the frost giant but do no damage.
You headbutt the frost giant!
The frost giant is heavily wounded.
The frost giant is engulfed in blazing flames.
The frost giant points at you and mumbles some strange words.
The bolt of cold hits you!!!
You feel a terrible chill!
* * * LOW HITPOINT WARNING * * *
You hear a sizzling sound!
You completely miss the frost giant. You headbutt the frost giant!
The frost giant is severely wounded.
The frost giant is engulfed in blazing flames.
The frost giant casts a spell at you. The bolt of cold hits you!!!
You feel a terrible chill!
You die...

..#.#.).# #..#### ###....
..#.#...# #..# #....## ....#...##
##.# #.##.## .##.##..##.
#.######......
.##..#..###.########.##........##
.##..#..#.##......##.............
.##..##.'..##.....##...........##
......#.#...# #○C°##........##...
......####'#####@###.....######..
.......##...(..§○○#......####....
###..#..###......(#.....)..#.....
###.......####....#........#...P.
.....#.......######..............
##).............<.............P.#
#........##..##..##......#.....P#
..........................#.....#
.....##.###..##.....>....##.....#


You could see a frost giant.

Vanquished Creatures
  A sphinx (D:10)
  A frost giant (D:11)
  A rakshasa (D:11)
  The ghost of Cancer the Destroyer, a journeyman GrCj of Vehumet (D:10)
  Harold (D:8)
  2 boulder beetles (D:11)
  A tengu warrior (D:10)
  Nergalle (D:10)
  A deep elf pyromancer (D:11)
  An orc knight (D:11)
  A manticore (D:10)
  Maurice (D:8)
  An unseen horror (D:11)
  Psyche (D:8)
  An efreet (D:8)
  A jumping spider (shapeshifter) (D:10)
  A troll (D:11)
  A hornet (D:8)
  A slime creature (D:10)
  A shadow (D:11)
  A wyvern (D:10)
  2 wraiths
  A yak (shapeshifter) (D:11)
  11 yaks
  A steam dragon (D:10)
  Edmund (D:5)
  Duvessa (D:7)
  10 orc warriors
  A sky beast (D:6)
  An ice beast (D:5)
  3 ogres (D:6)
  A black bear (D:7)
  4 centaurs
  A phantom (D:3)
  3 bullfrogs
  A wyvern zombie (D:7)
  Dowan (D:7)
  5 scorpions
  11 killer bees
  5 wights (D:8)
  A centaur zombie (D:9)
  2 electric eels (D:7)
  6 howler monkeys
  A crimson imp (D:7)
  A bullfrog zombie (D:6)
  A centaur skeleton (D:6)
  Crazy Yiuf (D:3)
  A hound (D:4)
  8 orc priests
  A gnoll shaman (D:9)
  A bullfrog skeleton (D:6)
  2 iguanas
  9 orc wizards
  Natasha (twice) (D:3)
  A hound skeleton (D:4)
  3 howler monkey zombies
  5 gnolls (D:9)
  4 adders
  5 white imps
  An ufetubus (D:5)
  A worm (D:4)
  3 dart slugs (D:1)
  44 orcs
  7 ball pythons
  2 bats
  5 endoplasms
  3 giant cockroaches
  13 goblins
  8 hobgoblins
  8 jackals
  5 kobolds
  3 quokkas
  3 frilled lizards
  2 rats (D:1)
249 creatures vanquished.

Vanquished Creatures (others)
  A black bear (D:3)
  Natasha (D:3)
  2 dart slugs (D:3)
  An orc (D:8)
  An endoplasm (D:3)
  A hobgoblin (D:3)
  A ball python (D:3)
  2 kobolds (D:3)
  A rat (D:3)
  16 fungi (D:11)
  39 plants
66 creatures vanquished.

Grand Total: 315 creatures vanquished

Notes
Turn   | Place    | Note
-------+----------+-------------------------------------------
     0 | D:1      | robertstho the Minotaur Berserker began the quest for the
                  | Orb.
     0 | D:1      | Reached XP level 1. HP: 19/19 MP: 0/0
   160 | D:1      | Reached XP level 2. HP: 22/27 MP: 1/1
   481 | D:1      | Reached skill level 4 in Axes
   525 | D:1      | Reached XP level 3. HP: 32/34 MP: 2/2
   651 | D:1      | Reached ** piety under Trog
  1308 | D:2      | Found a faded altar of an unknown god.
  1423 | D:3      | Killed a black bear
  1428 | D:3      | Noticed a phantom
  1438 | D:3      | Killed a phantom
  1439 | D:3      | Reached skill level 5 in Fighting
  1439 | D:3      | Reached XP level 4. HP: 26/42 MP: 3/3
  1645 | D:3      | Reached XP level 5. HP: 48/48 MP: 4/4
  1793 | D:3      | Found a shimmering altar of Xom.
  1890 | D:3      | Noticed Natasha
  1938 | D:3      | Killed Natasha
  2005 | D:3      | Killed Natasha
  2012 | D:3      | Noticed Natasha
  2019 | D:3      | Killed Natasha
  2020 | D:3      | Reached skill level 5 in Axes
  2020 | D:3      | Reached XP level 6. HP: 57/57 MP: 5/5
  2116 | D:3      | Found a burning altar of Makhleb.
  2400 | D:3      | Found a runed translucent door.
  2401 | D:3      | Noticed Crazy Yiuf
  2567 | D:3      | Killed Crazy Yiuf
  2642 | D:4      | Reached *** piety under Trog
  2646 | D:4      | Reached XP level 7. HP: 64/64 MP: 6/6
  3043 | D:4      | Found a broken altar of Ashenzari.
  3135 | D:4      | Found a staircase to the Ecumenical Temple.
  3261 | D:4      | Reached skill level 6 in Axes
  3261 | D:4      | Reached skill level 5 in Armour
  3405 | D:4      | Found a snail-covered altar of Cheibriados.
  3444 | D:5      | Entered Level 5 of the Dungeon
  3590 | D:5      | Noticed Edmund
  3596 | D:5      | Killed Edmund
  3597 | D:5      | Reached skill level 1 in Shields
  3607 | D:5      | Found a radiant altar of Vehumet.
  3752 | D:5      | Found a white marble altar of Elyvilon.
  4038 | D:5      | Reached XP level 8. HP: 73/73 MP: 7/7
  4235 | D:6      | Reached skill level 7 in Axes
  4235 | D:6      | Reached skill level 5 in Dodging
  5645 | D:7      | Reached XP level 9. HP: 66/81 MP: 8/8
  5718 | D:7      | Found an ornate altar of the Wu Jian Council.
  5827 | D:7      | Reached skill level 8 in Axes
  5946 | D:7      | Noticed Dowan
  5948 | D:7      | Noticed Duvessa
  5952 | D:7      | Killed Dowan
  5962 | D:7      | Killed Duvessa
  7532 | D:8      | Paralysed by a hornet for 1 turns
  7534 | D:8      | Paralysed by a hornet for 3 turns
  7920 | D:8      | Noticed Harold
  7939 | D:8      | Killed Harold
  7940 | D:8      | Reached skill level 9 in Axes
  7940 | D:8      | Reached skill level 10 in Armour
  7960 | D:8      | Reached XP level 10. HP: 55/91 MP: 9/9
  8155 | D:8      | Noticed Psyche
  8165 | D:8      | Killed Psyche
  8588 | D:8      | Reached **** piety under Trog
  8762 | D:8      | Found a faded altar of an unknown god.
  8762 | D:8      | Found a basalt altar of Yredelemnul.
  8770 | D:8      | Found a sacrificial altar of Ru.
  8771 | D:8      | Noticed Maurice
  8772 | D:8      | Found a faded altar of an unknown god.
  8787 | D:8      | Killed Maurice
  8788 | D:8      | Reached skill level 10 in Axes
  8788 | D:8      | Found a shimmering blue altar of Sif Muna.
  9045 | D:9      | Reached skill level 10 in Fighting
  9203 | D:9      | Noticed an ice statue
  9400 | D:9      | Identified the +3 quarterstaff of Meyc {flame, rPois Will+
                  | Int+3}
  9450 | D:9      | Found Leasip's Antique Weapon Shoppe.
  9919 | D:10     | Entered Level 10 of the Dungeon
 10258 | D:10     | Identified the +9 mace "Newtbane" {holy, +Blink rElec rPois
                  | Stlth-}
 10292 | D:10     | Noticed Nergalle
 10311 | D:10     | Killed Nergalle
 10312 | D:10     | Reached XP level 11. HP: 73/101 MP: 10/10
 10638 | D:10     | Found the +3 salamander hide armour {Flames rF++ rC--}
 10709 | D:10     | Found a glowing silver altar of Zin.
 10774 | D:10     | Found a runed translucent door.
 10775 | D:10     | Noticed a sphinx
 10775 | D:10     | Noticed Cancer's ghost (journeyman GrCj)
 10980 | D:10     | Found a sparkling altar of Nemelex Xobeh.
 10980 | D:10     | Found an opulent altar of Gozag.
 11073 | D:10     | Noticed a tengu warrior
 11079 | D:10     | Killed a tengu warrior
 11080 | D:10     | Reached skill level 11 in Axes
 11086 | D:10     | Identified the +0 chain mail of Depression {rElec}
 11339 | D:10     | Killed a sphinx
 11343 | D:10     | Killed Cancer's ghost
 11569 | D:11     | Noticed a boulder beetle
 11587 | D:11     | Killed a boulder beetle
 11588 | D:11     | Reached skill level 12 in Axes
 11931 | D:11     | Found a staircase to the Lair.
 12048 | D:11     | Reached ***** piety under Trog
 12103 | D:11     | Found a staircase to the Orcish Mines.
 12288 | D:11     | Noticed an orc knight
 12292 | D:11     | Killed an orc knight
 12425 | D:11     | Received a gift from Trog
 12664 | D:11     | Noticed a rakshasa
 12664 | D:11     | Noticed a boulder beetle
 12665 | D:11     | Noticed a deep elf pyromancer
 12667 | D:11     | Noticed a deep elf pyromancer
 13153 | D:11     | Killed a rakshasa
 13327 | D:11     | Killed a boulder beetle
 13328 | D:11     | Reached XP level 12. HP: 104/112 MP: 11/11
 13536 | D:11     | Noticed a frost giant
 13536 | D:11     | Noticed a frost giant
 13543 | D:11     | Killed a frost giant
 13544 | D:11     | Reached skill level 13 in Axes
 13546 | D:11     | Killed from afar by a frost giant

Illustrated notes

Levels and vault maps discovered:
D:1:      minmay_arrival_split_and_join, layout_basic
D:2:      layout_rooms, ebering_ecumenical_altar_box
D:3:      layout_basic, xom_confusion_cloud, lemuel_doored_altar,
          uniq_crazy_yiuf_cottage, uniq_natasha
D:4:      layout_rooms, slow_altar_2, kennysheep_mini, temple_statues,
          minmay_fractal_squares_5
D:5:      layout_rooms, kennysheep_mini_moat, nicolae_elyvilon_temple_path,
          uniq_edmund
D:6:      layout_loops_cross, minmay_strange_pillars, serial_park_tiny_2
D:7:      layout_basic, marbit_many_paths, serial_bayou_lagoon_a,
          minmay_fire_ice_demons, uniq_duvessa
D:8:      layout_loops_ring, chequers_temple_overflow_minitemple,
          kennysheep_generic_room_10, uniq_psyche, uniq_harold, uniq_maurice
D:9:      cheibrodos_frozen_isle, layout_basic, serial_shops,
          nicolae_shop_behind_doors
D:10:     layout_irregular_city, grunt_temple_overflow_opulence, zin_treasury,
          ebering_ghost_inner_flame, minmay_radiant, uniq_nergalle
D:11:     minmay_sliced_demisemicircle, layout_basic,
          grunt_lair_entry_orc_guard_hut, hiddenorc2_lemuel

Skill      XL: |  1  2  3  4  5  6  7  8  9 10 11 12 |
---------------+-------------------------------------+-----
Fighting       | 4 5 6 7 8 9 10 11 12 | 12.2
Axes           | 4 5 6 7 9 10 12 13 | 13.0
Armour         | 3 4 5 8 10 11 12 | 12.7
Dodging        | 3 4 5 6 7 8 9 |  9.1
Shields        | 1 2 3 4 |  4.3

Action                   |  1- 3 |  4- 6 |  7- 9 | 10-12 || total
-------------------------+-------+-------+-------+-------++-------
Melee: Hand axe          |    68 |    60 |   309 |   109 ||   546
       Headbutt          |     8 |    10 |    59 |    59 ||   136
       Battleaxe         |       |       |       |   147 ||   147
Invok: Berserk           |     1 |     6 |    11 |     6 ||    24
       Trog's Hand       |       |     1 |     3 |     1 ||     5
  Use: Scroll            |     3 |     1 |       |    12 ||    16
Armor: Animal skin       |    11 |     1 |       |       ||    12
       Scale mail        |       |    22 |    89 |     7 ||   118
       Plate armour      |       |       |       |    79 ||    79
       Leather armour    |       |       |       |    20 ||    20
Dodge: Dodged            |    57 |    49 |   134 |   113 ||   353
Block: Other             |       |     2 |    67 |    57 ||   126
       Reflection        |       |       |     5 |     1 ||     6

Table legend: (Time is in decaauts)
 A = Elapsed time spent in this place.
 B = Non-inter-level travel time spent in this place.
 C = Inter-level travel time spent in this place.
 D = Time resting spent in this place.
 E = Time spent auto-exploring this place.
 F = Levels seen in this place.
 G = Mean time per level.
                   A        B        C        D        E       F      G
               +--------+--------+--------+--------+--------+-----+--------+
         Total |  13799 |  13459 |    340 |   3021 |   8682 |  11 | 1254.5 |
       Dungeon |  13799 |  13459 |    340 |   3021 |   8682 |  11 | 1254.5 |
               +--------+--------+--------+--------+--------+-----+--------+

Top non-repeatable levels by time:
    D:11: 2151 daAuts
     D:7: 1944 daAuts
     D:8: 1533 daAuts
    D:10: 1519 daAuts
     D:6: 1259 daAuts
     D:3: 1233 daAuts
     D:1: 964 daAuts
     D:5: 936 daAuts
     D:9: 923 daAuts
     D:4: 703 daAuts
     D:2: 628 daAuts
